AoeStats
← zsteele99

Arabia

510874683Analyzed
1v1 RM · 18h ago on Oct 2, 2026· 41m 27s· 2 players
Game mode
Random Map
Map size
Tiny (2 player)
Population
200
Speed
Normal
Resources
Standard
Victory
Conquest
Starting age
Dark Age
Ending age
Imperial Age
RankedLock teamsTeams togetherTeam positionsShared explorationLock speedFull tech treeHidden civsTurbo modeCheats
Victory
Defeat
🇨🇱 Persians · Chile
1348
+15
🇺🇸 Saxons · United States
1332
-15
zsteele99
6:18 Loom
9:07 Feudal Age
9:43 Double-Bit Axe
13:27 Wheelbarrow
15:11 Fletching
20:13 Padded Archer Armor
24:47 Castle Age
23:18 Gold Mining
23:43 Scale Mail Armor
28:58 Bow Saw
29:53 Ballistics
30:23 Bodkin Arrow
33:05 Stone Mining
34:22 Town Watch
36:54 Hand Cart
41:24 Imperial Age
38:40 Pikeman
39:21 Squires
40:26 Chain Mail Armor
40:22 Murder Holes
No se jugar
6:08 Loom
8:59 Feudal Age
9:24 Double-Bit Axe
12:44 Fletching
22:51 Castle Age
20:56 Horse Collar
21:08 Gold Mining
22:06 Padded Archer Armor
22:57 Town Watch
23:28 Bodkin Arrow
23:02 Crossbowman
24:12 Bow Saw
25:00 Leather Archer Armor
27:37 Wheelbarrow
30:52 Hand Cart
31:09 Bloodlines
30:59 Husbandry
31:28 Scale Barding Armor
31:34 Forging
33:08 Chain Barding Armor
37:10 Imperial Age
34:58 Heavy Plow
37:35 Iron Casting
36:54 Cavalier
38:17 Plate Barding Armor
39:41 Gold Shaft Mining
40:08 Blast Furnace
40:41 Two-Man Saw
Connection lost

Rejoining the realm…

Still unreachable

The connection could not be restored.

Session expired

The server has moved on; the page needs a fresh start.